[Event "HangZhou GM Tournament 2022"]
[Site "HangZhou"]
[Date "2022.03.31"]
[Round "7.2"]
[White "Xu, Xiangyu"]
[Black "Bai, Jinshi"]
[Result "1/2-1/2"]
[ECO "D36"]
[WhiteElo "2564"]
[BlackElo "2593"]
[Annotator "ChessBase"]
[PlyCount "98"]
[EventDate "2022.03.28"]
[EventType "tourn"]
[EventCountry "CHN"]
[SourceTitle "playchess.com"]
[Source "ChessBase"]
[SourceQuality "1"]
[TimeControl "5400+30"]

1. d4 d5 2. c4 e6 3. Nc3 Nf6 4. cxd5 exd5 5. Bg5 c6 6. Qc2 h6 7. Bh4 g6 8. e3 Bf5 9. Qb3 g5 10. Bg3 Qb6 11. h4 Rg8 12. hxg5 hxg5 13. Kd2 Bb4 14. f3 Nbd7 15. a3 Be7 16. Qxb6 axb6 17. Bd3 Bxd3 18. Kxd3 b5 19. Nge2 Nb6 20. e4 Kd7 21. Be5 dxe4+ 22. fxe4 Ng4 23. Bg3 Rh8 24. Rxh8 Rxh8 25. b3 Ra8 26. a4 f6 27. Rb1 bxa4 28. bxa4 Bd8 29. Ra1 Be7 30. Rb1 Bd8 31. Ra1 Be7 32. Nc1 c5 33. dxc5 Bxc5 34. Nb3 Bd6 35. Bxd6 Kxd6 36. Nb5+ Ke7 37. Nc5 Ne5+ 38. Kd4 Nc6+ 39. Kd3 Ra5 40. Nxb7 Rxa4 41. Rxa4 Nxa4 42. N7d6 Ke6 43. Ke3 Nb6 44. Nf5 Nc4+ 45. Kd3 N4e5+ 46. Ke3 Ng4+ 47. Kf3 Nge5+ 48. Ke3 Ng4+ 49. Kf3 Nge5+ 1/2-1/2

[Event "HangZhou GM Tournament 2022"]
[Site "HangZhou"]
[Date "2022.04.01"]
[Round "9.1"]
[White "Xu, Xiangyu"]
[Black "Li, Di"]
[Result "1/2-1/2"]
[ECO "D44"]
[WhiteElo "2564"]
[BlackElo "2579"]
[Annotator "RC"]
[PlyCount "102"]
[EventDate "2022.03.28"]
[EventType "tourn"]
[EventCountry "CHN"]
[SourceTitle "playchess.com"]
[Source "ChessBase"]
[SourceQuality "1"]
[TimeControl "5400+30"]

1. d4 Nf6 2. c4 e6 3. Nf3 d5 4. Nc3 c6 5. Bg5 dxc4 6. e4 b5 7. e5 h6 8. Bh4 g5 9. Nxg5 hxg5 10. Bxg5 Nbd7 11. g3 Bb7 12. Bg2 Qb6 13. exf6 O-O-O 14. O-O c5 15. d5 b4 16. Na4 Qb5 17. a3 Nb8 18. axb4 cxb4 19. Be3 Bxd5 20. Bxd5 Rxd5 21. Qe2 Nc6 22. Rfc1 Ne5 23. f4 Nd3 24. Rxc4+ Qxc4 25. Rc1 Qxc1+ 26. Bxc1 Nxc1 27. Qc4+ Kd7 28. Qxc1 Bd6 29. Qe3 Ra5 30. Qd3 Rh6 31. b3 Rxf6 32. Nb2 Rff5 33. Nc4 Rfd5 34. Qc2 Ra1+ 35. Kg2 Ke7 36. Qh7 Ra3 37. Qh4+ Ke8 38. Qh8+ Ke7 39. Qh4+ Ke8 40. f5 Rxb3 41. Qh8+ Kd7 42. Qf6 Kc6 43. Qxf7 exf5 44. Na5+ Rxa5 45. Qxb3 Rc5 46. Qa4+ Rb5 47. Qa6+ Rb6 48. Qc4+ Kb7 49. Qf7+ Kc6 50. Qc4+ Kb7 51. Qf7+ Kc6 1/2-1/2

[Event "HangZhou GM Tournament 2022"]
[Site "HangZhou"]
[Date "2022.04.02"]
[Round "10.2"]
[White "Bai, Jinshi"]
[Black "Xu, Xiangyu"]
[Result "1/2-1/2"]
[ECO "D27"]
[WhiteElo "2593"]
[BlackElo "2564"]
[Annotator "RC"]
[PlyCount "119"]
[EventDate "2022.03.28"]
[EventType "tourn"]
[EventCountry "CHN"]
[SourceTitle "playchess.com"]
[Source "ChessBase"]
[SourceQuality "1"]
[TimeControl "5400+30"]

1. d4 d5 2. Nf3 Nf6 3. c4 dxc4 4. e3 e6 5. Bxc4 c5 6. O-O a6 7. Nc3 Nc6 8. d5 Na5 9. b3 b5 10. Bd3 Nxd5 11. Nxd5 exd5 12. Bb2 Bg4 13. h3 Be6 14. Qc2 Rc8 15. Rfd1 c4 16. bxc4 Nxc4 17. Bxc4 Rxc4 18. Qd3 f6 19. a4 Bc5 20. axb5 axb5 21. Nd2 Qc8 22. Nxc4 dxc4 23. Qe4 O-O 24. Bd4 Bxd4 25. Rxd4 b4 26. Rd6 Bf7 27. Rc6 Qb8 28. Rxc4 Bxc4 29. Qxc4+ Kh8 30. Rb1 Rd8 31. Qxb4 Qxb4 32. Rxb4 h5 33. Rb5 g6 34. Rb7 Rd1+ 35. Kh2 h4 36. Rf7 Rd6 37. g3 hxg3+ 38. Kxg3 Kg8 39. Ra7 Rd1 40. e4 Rg1+ 41. Kh2 Re1 42. f3 Kf8 43. h4 Kg8 44. Ra2 Kf7 45. Kg3 Rg1+ 46. Rg2 Rh1 47. Rh2 Rg1+ 48. Kf4 Ra1 49. Rb2 Rh1 50. Rb7+ Kg8 51. e5 Rxh4+ 52. Kg3 Rh5 53. exf6 Rg5+ 54. Kh4 Rf5 55. Rg7+ Kf8 56. Rxg6 Rxf3 57. Rg3 Rxg3 58. Kxg3 Kf7 59. Kf4 Kxf6 60. Ke4 1/2-1/2

[Event "HangZhou GM Tournament 2022"]
[Site "HangZhou"]
[Date "2022.04.03"]
[Round "12.1"]
[White "Bai, Jinshi"]
[Black "Li, Di"]
[Result "1/2-1/2"]
[ECO "E06"]
[WhiteElo "2593"]
[BlackElo "2579"]
[Annotator "ChessBase"]
[PlyCount "59"]
[EventDate "2022.03.28"]
[EventType "tourn"]
[EventCountry "CHN"]
[SourceTitle "playchess.com"]
[Source "ChessBase"]
[SourceQuality "1"]
[TimeControl "5400+30"]

1. d4 Nf6 2. c4 e6 3. g3 d5 4. Bg2 Be7 5. Nf3 O-O 6. Qc2 c5 7. dxc5 Nc6 8. cxd5 Qxd5 9. O-O Qxc5 10. Nc3 Qh5 11. Rd1 e5 12. Bg5 Be6 13. Bxf6 Bxf6 14. Ne4 Be7 15. Nc5 Bf5 16. Qc4 Rac8 17. Nxb7 Nd4 18. Qd5 Nxe2+ 19. Kh1 e4 20. Ne5 Rc2 21. Nc6 Bf6 22. Nd6 Nxg3+ 23. fxg3 Rxg2 24. Kxg2 Qf3+ 25. Kg1 Qe3+ 26. Kg2 Qe2+ 27. Kg1 Qe3+ 28. Kg2 Qf3+ 29. Kg1 Qe3+ 30. Kg2 1/2-1/2